 Dungeon Crawl Stone Soup version 0.29-a0-275-g389c0b56f3 (webtiles) character file.

Game seed: 6148443110836041526

92 brightshaft the Bolt Thrower (level 4, -3/38 HPs)
             Began as a Minotaur Hunter on Mar 10, 2022.
             Slain by Crazy Yiuf
             ... wielding a +3 quarterstaff of chaos
              (5 damage)
             ... on level 2 of the Dungeon.
             The game lasted 00:04:18 (1910 turns).

brightshaft the Bolt Thrower (Minotaur Hunter)      Turns: 1910, Time: 00:04:19

Health: -3/38      AC:  7    Str: 16    XL:     4   Next: 35%
Magic:  3/3        EV: 15    Int:  8    God:
Gold:   107        SH:  0    Dex: 13    Spells: 3/3 levels left

rFire   . . .      SeeInvis +   a - +1 hand crossbow
rCold   . . .      Faith    .   (no shield)
rNeg    . . .      Spirit   .   d - +0 ring mail
rPois   .          Reflect  .   o - +2 hat
rElec   .          Harm     .   (no cloak)
rCorr   .          Rampage  .   (no gloves)
Will    .....                   (no boots)
Stlth   +.........              (no amulet)
HPRegen 0.12/turn               k - +4 ring of evasion
MPRegen 0.08/turn               p - ring of see invisible

@: no status effects
A: horns 2, retaliatory headbutt
a: no special abilities


You were on level 2 of the Dungeon.
You visited 1 branch of the dungeon, and saw 2 of its levels.

You collected 143 gold pieces.
You spent 36 gold pieces at shops.

Inventory:

Hand Weapons
 a - a +1 hand crossbow (weapon)
Armour
 b - a +0 leather armour
 d - a +0 ring mail (worn)
 o - a +2 hat (worn)
Jewellery
 f - a ring of protection from cold
 k - a +4 ring of evasion (left hand)
 n - a ring of protection from cold
 p - a ring of see invisible (right hand)
Scrolls
 c - a scroll of immolation
 e - a scroll of enchant weapon {unknown}
 h - a scroll of fog {unknown}
 j - a scroll of teleportation {unknown}
 l - a scroll of noise {unknown}
Potions
 g - 3 potions of curing
 i - a potion of attraction {unknown}
 m - a potion of lignification {unknown}


   Skills:
 + Level 3.2 Fighting
 * Level 5.3 Crossbows
 + Level 1.9 Armour
 + Level 3.0 Dodging
 - Level 0.7 Stealth


You had 3 spell levels left.
You didn't know any spells.
Your spell library contained the following spells:

 Spells                   Type           Power      Damage    Failure   Level
 Ensorcelled Hibernation  Hex/Ice        0%         N/A       77%         2
 Passwall                 Tmut/Erth      0%         N/A       77%         2
 Summon Guardian Golem    Hex/Summ       0%         N/A       94%         3
 Swiftness                Air            0%         N/A       94%         3
 Orb of Destruction       Conj           0%         9d5       100%        7
 Spellforged Servitor     Conj/Summ      0%         N/A       100%        7


Dungeon Overview and Level Annotations

Branches:
Dungeon (2/15)

Altars:

Shops:
D:2 !

Annotations:
D:2 Crazy Yiuf


Innate Abilities, Weirdness & Mutations

You have a pair of horns on your head.
You reflexively headbutt those who attack you in melee.


Message History

Things that are here:
a +0 club; a +0 robe A goblin comes into view.
It is wielding a +0 dagger.
You shoot a bolt. The bolt closely misses the goblin.
You shoot a bolt. The bolt hits the goblin.
You kill the goblin!
No target in view!
No target in view!
No target in view!
You see here a +0 dagger.
Things that are here:
a +0 dagger; 5 stones; a kobold corpse
There is an open door here.
There is an open door here.
You see here a rat skeleton.
Crazy Yiuf shouts!
Could not explore, unopened runed door.
You open the door. You shoot a bolt.
The bolt hits Crazy Yiuf but does no damage.
Crazy Yiuf hits you with a +3 quarterstaff of chaos!
Crazy Yiuf freezes you.
Crazy Yiuf hits you with a +3 quarterstaff of chaos!
* * * LOW HITPOINT WARNING * * *
You are confused.
You bump into the rock wall.
Crazy Yiuf laughs, "Millenium head seventy!"
Crazy Yiuf closely misses you. Crazy Yiuf attacks as you move away!
Crazy Yiuf hits you with a +3 quarterstaff of chaos!
* * * LOW HITPOINT WARNING * * *
You bump into the rock wall.
Crazy Yiuf misses you.
You bump into the rock wall.
You feel less confused. Crazy Yiuf misses you. You furiously retaliate!
You headbutt Crazy Yiuf. Crazy Yiuf attacks as you move away!
Crazy Yiuf misses you.
Crazy Yiuf twirls on the spot.
Crazy Yiuf attacks as you move away!
Crazy Yiuf hits you with a +3 quarterstaff of chaos.
You die...

.........####.....#########...###
#.......## ##..### ##..#
##.....## #### ##.# ##...## #.#
##รท##### #.# #.###.####### ###
#># ####.##.#.#....## ###..)#
##.# # .....#.###......####.'...#
#..### ###...## ##.....@#..##...#
##.... #.....###.#....#g### ###
#.### ###...#.#.######### #.# #
.........## ##.### .....#####
#..... ###### ##.### #.### #....
#####


You could see Crazy Yiuf.

Vanquished Creatures
  Jessica (D:2)
  An adder (D:2)
  2 dart slugs (D:2)
  6 ball pythons
  4 endoplasms
  3 giant cockroaches
  4 goblins
  3 hobgoblins
  4 jackals (D:2)
  2 kobolds
  2 quokkas
  10 bats
  3 frilled lizards (D:2)
  6 rats
51 creatures vanquished.

Notes
Turn   | Place    | Note
-------+----------+-------------------------------------------
     0 | D:1      | brightshaft the Minotaur Hunter began the quest for the
                  | Orb.
     0 | D:1      | Reached XP level 1. HP: 18/18 MP: 0/0
   301 | D:1      | Reached XP level 2. HP: 25/25 MP: 1/1
   435 | D:1      | Reached skill level 1 in Armour
   900 | D:2      | Reached XP level 3. HP: 30/30 MP: 2/2
  1134 | D:2      | Reached skill level 5 in Crossbows
  1264 | D:2      | Found Bimistro's Distillery.
  1269 | D:2      | Bought a potion of curing for 36 gold pieces
  1385 | D:2      | Identified the +0 cloak of Day {Will- rCorr Dex+3}
  1501 | D:2      | Found a runed translucent door.
  1502 | D:2      | Noticed Crazy Yiuf
  1664 | D:2      | Noticed Jessica
  1666 | D:2      | Killed Jessica
  1667 | D:2      | Reached XP level 4. HP: 26/38 MP: 3/3
  1904 | D:2      | HP: 1/38 [Crazy Yiuf/+3 quarterstaff of chaos (9)]
  1910 | D:2      | Slain by Crazy Yiuf

Illustrated notes

Levels and vault maps discovered:
D:1:      lightli_arrival_statuegarden, layout_loops_cross
D:2:      layout_loops_corners, serial_shops, shop, minmay_misc_feat_five,
          minmay_circle_x, uniq_crazy_yiuf_cottage, uniq_jessica

Skill      XL: |  1  2  3 |
---------------+----------+-----
Armour         | 1 |  1.9
Fighting       | 3 |  3.2
Crossbows      | 5 |  5.3
Dodging        | 3 |  3.0
Stealth        | |  0.7

Action                   |  1- 3 |  4- 6 || total
-------------------------+-------+-------++-------
 Fire: Hand crossbow     |   127 |     8 ||   135
Armor: Ring mail         |    23 |     2 ||    25
Dodge: Dodged            |    57 |     5 ||    62

Table legend: (Time is in decaauts)
 A = Elapsed time spent in this place.
 B = Non-inter-level travel time spent in this place.
 C = Inter-level travel time spent in this place.
 D = Time resting spent in this place.
 E = Time spent auto-exploring this place.
 F = Levels seen in this place.
 G = Mean time per level.
                   A        B        C        D        E       F      G
               +--------+--------+--------+--------+--------+-----+--------+
         Total |   1955 |   1944 |     11 |      0 |   1630 |   2 |  977.5 |
       Dungeon |   1955 |   1944 |     11 |      0 |   1630 |   2 |  977.5 |
               +--------+--------+--------+--------+--------+-----+--------+

Top non-repeatable levels by time:
     D:2: 1065 daAuts
     D:1: 889 daAuts
